 Dungeon Crawl Stone Soup version 0.28-a0-1143-gcf6077d4cc (webtiles) character file.

Game seed: 5081887615387494475

4695 ytrimaz the Martial Artist (level 10, -3/81 HPs)
             Began as an Octopode Transmuter on Dec 13, 2021.
             Slain by a fire elemental (11 damage)
             ... summoned by a deep elf pyromancer
             ... on level 8 of the Dungeon.
             The game lasted 00:13:05 (11841 turns).

ytrimaz the Martial Artist (Octopode Transmuter)   Turns: 11841, Time: 00:13:06

Health: -3/81      AC:  7    Str: 17    XL:     10   Next: 44%
Magic:  15/19      EV: 10    Int: 19    God:
Gold:   890        SH:  0    Dex: 12    Spells: 12/22 levels left

rFire   . . .      SeeInvis .     - Unarmed
rCold   + + +      Faith    .   (shield currently unavailable)
rNeg    . . .      Spirit   .   (helmet currently unavailable)
rPois   +          Reflect  .   (no amulet)
rElec   .          Harm     .   l - ring of protection from fire
rCorr   .          Rampage  .   r - +6 ring of strength
Will    .....                   (no ring)
Stlth   +++.......              (no ring)
HPRegen 0.23/turn               (no ring)
MPRegen 0.16/turn               (no ring)
                                (no ring)
                                (no ring)

@: ice-form
A: freezing attack, boosted hp, almost no armour, amphibious, 8 rings, large,
(camouflage 1), (gelatinous body 1), (nimble swimmer 1), (tentacles)
a: End Transformation


You were on level 8 of the Dungeon.
You were a creature of crystalline ice.
You visited 2 branches of the dungeon, and saw 9 of its levels.
You also visited: Ossuary and Bailey.

You collected 1217 gold pieces.
You spent 327 gold pieces at shops.

Inventory:

Missiles
 s - 8 throwing nets
Armour
 n - the +2 hood of the Assassin (melded) {Detection Stab+ Stlth++}
   (You acquired it on level 4 of the Dungeon)

   It allows the wearer to sense nearby creatures.
   It allows the wearer to make particularly effective stabbing attacks against
   helpless or unaware enemies with any weapon.
   Stlth:     It makes you much more stealthy.
Jewellery
 l - a ring of protection from fire (left front paw)
 r - a +6 ring of strength (right front paw)
 y - a ring of flight
Wands
 h - a wand of acid (7)
 i - a wand of iceblast (9)
 p - a wand of digging (5)
 q - a wand of mindburst (6)
 u - a wand of charming (7)
 x - a wand of flame (22)
Scrolls
 b - 4 scrolls of fog
 g - 4 scrolls of teleportation
 k - 2 scrolls of vulnerability
 w - a scroll of enchant armour {unknown}
Potions
 a - 12 potions of curing
 c - 2 potions of heal wounds
 d - a potion of flight
 e - a potion of attraction
 f - a potion of mutation
 j - a potion of ambrosia
 m - a potion of magic
 o - a potion of might
 t - a potion of haste
Miscellaneous
 v - a phantom mirror


   Skills:
 * Level 5.8 Fighting
 - Level 2.0 Dodging
 * Level 7.5 Stealth
 + Level 8.7 Unarmed Combat
 * Level 6.5 Spellcasting
 * Level 6.6 Transmutations
 - Level 1.1 Ice Magic
 + Level 2.8 Poison Magic


You had 12 spell levels left.
You knew the following spells:

 Your Spells              Type           Power      Damage    Failure   Level
a - Spider Form           Tmut/Pois      24%        N/A       4%          3
b - Wereblood             Tmut           31%        N/A       1%          2
c - Beastly Appendage     Tmut           62%        N/A       1%          1
d - Ice Form              Ice/Tmut       21%        N/A       22%         4

Your spell library contained the following spells:

 Spells                   Type           Power      Damage    Failure   Level
 Corpse Rot               Necr/Air       12%        N/A       16%         2
 Call Canine Familiar     Summ           6%         N/A       32%         3
 Portal Projectile        Hex/Tloc       12%        N/A       32%         3
 Summon Ice Beast         Ice/Summ       8%         N/A       63%         4
 Dispel Undead            Necr           6%         3d8       71%         4
 Leda's Liquefaction      Hex/Erth       3%         N/A       71%         4
 Summon Mana Viper        Hex/Summ       6%         N/A       96%         5
 Death Channel            Necr           3%         N/A       100%        6
 Monstrous Menagerie      Summ           3%         N/A       100%        7


Dungeon Overview and Level Annotations

Branches:
Dungeon (8/15)             Temple (1/1) D:7         Ossuary (visited)
 Bailey (visited)
   Lair: D:8-11

Altars:
Cheibriados
Fedhas
Gozag
Hepliaklqana
Makhleb
Ru
Sif Muna
Trog
Uskayaw
Vehumet
Xom
Yredelemnul
Zin
The Shining One
Lugonu

Shops:
D:6 !*

Annotations:
D:3 exclusion: door
D:6 3 runed translucent doors, ders's ghost, novice GrEE


Innate Abilities, Weirdness & Mutations

You are a creature of crystalline ice.
You have a powerful freezing melee attack.
Your maximum health is increased.
Your armour is entirely melded.
You are incapable of wielding weapons or throwing items.
You cannot wear most types of armour.
You are amphibious.
You can wear up to eight rings at the same time.
((Your skin changes colour to match your surroundings (Stealth+).))
((Your rubbery body absorbs attacks. (AC +1, EV +1)))
((You are camouflaged near water. (Stealth+)))
((You have tentacles for arms and can constrict up to eight enemies at once.))


Message History

Casting: Ice Form (dangerous; 22% risk of failure)
Confirm with . or Enter, or press ? or * to list all spells.
Okay, then.
You bludgeon the deep elf pyromancer! You grab the deep elf pyromancer.
You squeeze the deep elf pyromancer.
The deep elf pyromancer is moderately wounded.
You constrict the deep elf pyromancer.
The deep elf pyromancer hits you with a +0 long sword!
Casting: Ice Form (dangerous; 22% risk of failure)
Confirm with . or Enter, or press ? or * to list all spells.
You turn into a creature of crystalline ice.
The +2 hood of the Assassin {Detection Stab+ Stlth++} melds into your body.
You lose your grip on the deep elf pyromancer.
The deep elf pyromancer mumbles some strange words.
You punch the deep elf pyromancer! You freeze the deep elf pyromancer.
The deep elf pyromancer is almost dead.
The deep elf pyromancer hits you but does no damage.
The fire elemental hits you. The fire elemental burns you!
You closely miss the deep elf pyromancer.
The deep elf pyromancer is almost dead.
The deep elf pyromancer mumbles some strange words.
The fire elemental closely misses you.
Unknown command.
You hit the deep elf pyromancer but do no damage.
The deep elf pyromancer is almost dead.
The fire elemental disappears in a puff of smoke!
The fire elemental hits you. The fire elemental burns you!
The deep elf pyromancer hits you with a +0 long sword!
The fire elemental hits you. The fire elemental burns you!
You barely miss the deep elf pyromancer.
The deep elf pyromancer is almost dead.
The fire elemental hits you. The fire elemental burns you!
* * * LOW HITPOINT WARNING * * *
The deep elf pyromancer hits you but does no damage.
The fire elemental hits you. The fire elemental burns you!
* * * LOW HITPOINT WARNING * * *
The fire elemental hits you.
* * * LOW HITPOINT WARNING * * *
The fire elemental burns you!
You die...

#.. ##.# #.#.# #
#..........#
###.#.#.#.#.#
....☼......
##.#☼#°#.#####
#...Ee.E.)....
#.#.#.#Y#.#########
......[E..........#
###.#.#.#.#.).....#
#..#####.......# #.
#.......# .. #.
##..#.### # #.. .
#.<##..# ## #.# ##
#.####.### .# #.#
#.# #...# ##


You could see a deep elf pyromancer and 3 fire elementals.

Vanquished Creatures
  Maurice (D:8)
  A hornet (D:8)
  A wyvern (D:7)
  A water moccasin (D:7)
  Duvessa (D:7)
  2 ice beasts
  A necrophage (D:6)
  A black bear (D:6)
  2 ogres
  2 phantoms
  2 elf zombies (Ossuary)
  A bullfrog (D:7)
  A kobold brigand (D:7)
  8 gnoll sergeants (Bailey)
  3 scorpions
  Dowan (D:7)
  4 killer bees (D:6)
  8 wights (D:7)
  3 howler monkeys
  A bullfrog zombie (D:5)
  3 centaur zombies
  4 jellies
  6 gnoll shamans (Bailey)
  6 hounds
  2 orc priests
  3 human zombies (Ossuary)
  3 iguanas
  Natasha (thrice) (D:4)
  5 orc wizards
  A hound skeleton (D:4)
  2 mummies (Ossuary)
  22 gnolls
  7 adders
  A shadow imp (D:7)
  An ufetubus (D:5)
  An adder zombie (Ossuary)
  A worm (D:4)
  7 dart slugs
  30 orcs
  6 ball pythons
  5 bats
  5 endoplasms (D:1)
  4 giant cockroaches
  6 goblins
  6 hobgoblins
  11 kobolds
  A quokka (D:3)
  2 frilled lizards
  11 hobgoblin zombies (Ossuary)
  2 jackal zombies (Ossuary)
  6 kobold zombies (Ossuary)
  5 orc zombies (Ossuary)
  3 rats
  2 rat zombies (Ossuary)
228 creatures vanquished.

Vanquished Creatures (collateral kills)
  A hobgoblin zombie (Ossuary)
  A kobold zombie (Ossuary)
  An orc zombie (Ossuary)
3 creatures vanquished.

Vanquished Creatures (others)
  An orc (D:6)
1 creature vanquished.

Grand Total: 232 creatures vanquished

Notes
Turn   | Place    | Note
-------+----------+-------------------------------------------
     0 | D:1      | ytrimaz the Octopode Transmuter began the quest for the
                  | Orb.
     0 | D:1      | Reached XP level 1. HP: 13/13 MP: 3/3
   342 | D:1      | Reached XP level 2. HP: 7/18 MP: 5/5
   585 | D:1      | Found a faded altar of an unknown god.
   589 | D:1      | Learned a level 2 spell: Wereblood
  1067 | D:1      | Reached XP level 3. HP: 22/23 MP: 6/6
  1071 | D:1      | Learned a level 3 spell: Spider Form
  2098 | D:2      | Reached XP level 4. HP: 20/29 MP: 5/7
  2526 | D:3      | Noticed a scorpion
  2596 | D:3      | Killed a scorpion
  2597 | D:3      | Reached skill level 4 in Unarmed Combat
  2597 | D:3      | Reached XP level 5. HP: 34/34 MP: 1/9
  3556 | D:3      | Found a shimmering blue altar of Sif Muna.
  3696 | D:4      | Noticed Natasha
  3704 | D:4      | Killed Natasha
  3721 | D:4      | Found a sand-covered staircase.
  3753 | Ossuary  | Entered an ossuary
  3909 | Ossuary  | Reached XP level 6. HP: 32/39 MP: 10/10
  3924 | Ossuary  | Reached skill level 5 in Unarmed Combat
  4124 | Ossuary  | Reached XP level 7. HP: 20/45 MP: 10/12
  4369 | D:4      | You fall into a shaft and drop 2 floors!
  4394 | D:5      | Entered Level 5 of the Dungeon
  4442 | D:5      | Reached skill level 6 in Unarmed Combat
  4778 | D:4      | Noticed Natasha
  4786 | D:4      | Killed Natasha
  5170 | D:4      | Noticed Natasha
  5175 | D:4      | Killed Natasha
  5590 | D:4      | Identified a scroll of acquirement
  5595 | D:4      | Acquired the +2 hood of the Assassin {Detection Stab+
                  | Stlth++}
  5595 | D:4      | Found the +2 hood of the Assassin {Detection Stab+ Stlth++}
  5615 | D:5      | Reached XP level 8. HP: 51/52 MP: 14/14
  5639 | D:5      | Reached skill level 1 in Poison Magic
  5691 | D:5      | Found a radiant altar of Vehumet.
  5804 | D:5      | Found a hazy altar of Hepliaklqana.
  6311 | D:5      | Reached skill level 7 in Unarmed Combat
  6750 | D:6      | Found a runed translucent gate.
  6750 | D:6      | Found a runed translucent gate.
  6751 | D:6      | Found a runed translucent gate.
  6792 | D:6      | Reached skill level 1 in Stealth
  6792 | D:6      | Reached skill level 5 in Transmutations
  6977 | D:6      | Found Kiaguf's Distillery.
  7401 | D:6      | Reached skill level 5 in Spellcasting
  7401 | D:6      | Reached XP level 9. HP: 38/58 MP: 12/16
  7406 | D:6      | Learned a level 4 spell: Ice Form
  7541 | D:6      | Reached skill level 5 in Stealth
  7870 | D:6      | Noticed ders's ghost (novice GrEE)
  7962 | D:6      | Found Yqunui's Assorted Antiques.
  7971 | D:6      | Bought a scroll labelled XITEON VOMO for 29 gold pieces
  7971 | D:6      | Bought a scroll of identify for 58 gold pieces
  7987 | D:6      | Bought 2 potions of heal wounds for 120 gold pieces
  7987 | D:6      | Bought a potion of might for 48 gold pieces
  7987 | D:6      | Bought a potion of curing for 36 gold pieces
  7987 | D:6      | Bought a potion of curing for 36 gold pieces
  8217 | D:7      | Found a flagged portal.
  8256 | Bailey   | Entered a bailey
  9231 | Bailey   | Reached skill level 5 in Fighting
  9231 | Bailey   | Reached skill level 8 in Unarmed Combat
  9389 | Bailey   | HP: 3/73 [gnoll sergeant (7)]
  9595 | Bailey   | Reached skill level 1 in Ice Magic
 10121 | D:7      | Found a staircase to the Ecumenical Temple.
 10135 | Temple   | Entered the Ecumenical Temple
 10220 | D:7      | Reached XP level 10. HP: 66/66 MP: 9/18
 10676 | D:7      | Found a sacrificial altar of Ru.
 10845 | D:7      | Noticed Dowan
 10854 | D:7      | Found an opulent altar of Gozag.
 10886 | D:7      | Killed Dowan
 11356 | D:7      | Noticed Duvessa
 11363 | D:7      | Killed Duvessa
 11802 | D:8      | Noticed Maurice
 11810 | D:8      | Killed Maurice
 11827 | D:8      | Noticed a deep elf pyromancer
 11841 | D:8      | Slain by a fire elemental

Illustrated notes

Levels and vault maps discovered:
D:1:      lightli_arrival_quake, layout_basic, nicolae_ecumenical_snake_handling
D:2:      layout_basic
D:3:      layout_loops_cross, led_sif_book
D:4:      layout_basic, nicolae_ossuary_entry_ruins, uniq_natasha
D:5:      layout_loops_ring, lemuel_crystal_altar, nicolae_vehumet_radiance,
          minmay_tree_intersection, chequers_serial_rivers_micro_b
D:6:      layout_rooms, gammafunk_ghost_icy, minmay_large_rounded_square,
          grunt_decor_clamped, nicolae_wooded_promenade
D:7:      layout_loops_corners, grunt_gozag_breadcrumbs, hangedman_ru_absence,
          minmay_temple_entry_butterflies, enter_bailey_6, uniq_duvessa
D:8:      layout_rooms, st_stairs_9, uniq_maurice
Temple:   corrupted_temple

Skill      XL: |  1  2  3  4  5  6  7  8  9 10 |
---------------+-------------------------------+-----
Fighting       | 2 3 4 5 |  5.8
Unarmed Combat | 4 5 6 7 8 |  8.7
Transmutations | 3 4 5 6 |  6.6
Spellcasting   | 3 4 5 6 |  6.5
Poison Magic   | 2 |  2.8
Stealth        | 3 6 7 |  7.5
Ice Magic      | 1 |  1.1
Dodging        | |  2.0

Action                   |  1- 3 |  4- 6 |  7- 9 | 10-12 || total
-------------------------+-------+-------+-------+-------++-------
Melee: Unarmed           |    72 |   142 |   269 |    70 ||   553
       Tentacles         |    17 |    19 |    14 |     2 ||    52
       Constrict         |    21 |    32 |    21 |     1 ||    75
       Kick              |     5 |     3 |     1 |       ||     9
       Punch             |       |     3 |     4 |       ||     7
 Cast: Beastly Appendage |     7 |    11 |     5 |       ||    23
       Wereblood         |     1 |     5 |     7 |     1 ||    14
       Spider Form       |       |     3 |    24 |     5 ||    32
       Ice Form          |       |       |     7 |     3 ||    10
 Abil: End Transformatio |       |       |     1 |       ||     1
Evoke: Wand              |       |       |    22 |     2 ||    24
  Use: Scroll            |     1 |     2 |    16 |     1 ||    20
       Potion            |       |     2 |     3 |     1 ||     6
 Stab: Sleeping          |     3 |     3 |    15 |     5 ||    26
Armor: Skin              |    11 |    52 |    40 |    15 ||   118
Dodge: Dodged            |    44 |    88 |   209 |    49 ||   390

Table legend: (Time is in decaauts)
 A = Elapsed time spent in this place.
 B = Non-inter-level travel time spent in this place.
 C = Inter-level travel time spent in this place.
 D = Time resting spent in this place.
 E = Time spent auto-exploring this place.
 F = Levels seen in this place.
 G = Mean time per level.
                   A        B        C        D        E       F      G
               +--------+--------+--------+--------+--------+-----+--------+
         Total |  11791 |  11600 |    191 |   1686 |   8014 |  11 | 1071.9 |
       Dungeon |   9516 |   9335 |    181 |    622 |   7385 |   8 | 1189.5 |
        Temple |     51 |     41 |     10 |      0 |     32 |   1 |   51.0 |
       Ossuary |    574 |    574 |      0 |    125 |    231 |   1 |  574.0 |
        Bailey |   1649 |   1649 |      0 |    939 |    366 |   1 | 1649.0 |
               +--------+--------+--------+--------+--------+-----+--------+

Top non-repeatable levels by time:
     D:7: 1735 daAuts
     D:6: 1730 daAuts
  Bailey: 1649 daAuts
     D:1: 1360 daAuts
     D:3: 1235 daAuts
     D:5: 1149 daAuts
     D:4: 1069 daAuts
     D:2: 1068 daAuts
 Ossuary: 574 daAuts
     D:8: 168 daAuts
  Temple: 51 daAuts
